Cogmind - Beta 14 @@@ ROGUE MODE // 2025.03.04 @ 12:26:13 Player: CanadianCogs Result: Destroyed by G-34 Mercenary with Small Laser Performance ------------- Evolutions (0) 0 Regions Visited (1) 200 Robots Destroyed (14) 70 Value Destroyed (412) 412 Prototype IDs (2) 40 Alien Tech Used (0) 0 Bonus (19) 19 TOTAL SCORE: 741 Bonus ------- High Alert Combat Kills 19 Cogmind --------- Core Integrity 0/250 Matter 159/300 Energy 99/100 System Corruption 0% Temperature Cool (6) Movement Core (50) Location -10/Materials Parts ------- > --- POWER (1) -------- (None) > --- PROPULSION (2) --- (None) > --- UTILITY (2) ------ (None) > --- WEAPON (2) ------- (None) > --- INVENTORY (5) ---- Improved Terrain Scanner Light Cannon Light Cannon Grenade Launcher Grenade Launcher Peak State ------------ > --- POWER ------------ Ion Engine > --- PROPULSION ------- Compact Wheel Compact Wheel > --- UTILITY ---------- Small Storage Unit Seismic Detector > --- WEAPON ----------- Assault Rifle Light Assault Rifle > --- INVENTORY -------- Improved Terrain Scanner Seismic Detector Grenade Launcher Grenade Launcher Grenade Launcher Grenade Launcher Grenade Launcher Grenade Launcher [Rating: 8] Favorites ----------- Power Ion Engine Engine Ion Engine Propulsion Compact Wheel Wheel Compact Wheel Utility Small Storage Unit Device Seismic Detector Storage Small Storage Unit Weapon Grenade Launcher Ballistic Gun Light Assault Rifle Launcher Grenade Launcher Build | -11 -10 ------- Run | Yrd Mat Slots Evolved . | . . Power . | . . Propulsion . | . . Utility . | . . Weapon . | . . Parts Attached 22 | 7 15 Power 4 | 1 3 Engine 4 | 1 3 Core . | . . Reactor . | . . Propulsion 3 | 2 1 Treads . | . . Leg . | . . Wheel 3 | 2 1 Hover . | . . Flight . | . . Utility 4 | 2 2 Device 3 | 1 2 Storage 1 | 1 . Processor . | . . Hackware . | . . Protection . | . . Artifact . | . . Weapon 11 | 2 9 Energy Gun . | . . Energy Cannon . | . . Ballistic Gun 5 | 2 3 Ballistic Cannon . | . . Launcher 6 | . 6 Special Weapon . | . . Impact Weapon . | . . Slashing Weapon . | . . Piercing Weapon . | . . Special Melee Weapon . | . . Unidentified Prototypes . | . . Parts Lost 7 | . 7 Power 2 | . 2 Propulsion 2 | . 2 Utility . | . . Weapon 3 | . 3 Highest Loss Streak 5 | . 5 To Critical Strikes . | . . Average Slot Usage (%) 91 | . 91 Engine 9 | . 9 Wheel 26 | . 26 Device 13 | . 13 Storage 13 | . 13 Ballistic Gun 14 | . 14 Launcher 11 | . 11 Peak Build Rating 8 | 7 8 Average Rating 7 | 5 7 On Entrance 3 | . 7 Naked Turns 14 | . 14 Heaviest Build 17 | 14 17 Greatest Support 32 | 32 32 Greatest Overweight (x) 1 | . 1 Average Overweight (x) . | . . Largest Inventory Capacity 8 | 8 8 Average Capacity 7 | 7 7 Most Carried 8 | 3 8 Average Carried 6 | . 7 Final Capacity 8 | 8 5 Final Carried 5 | 1 5 Class Distribution -------------------- 100% | Mutant Dominant Class ---------------- Mutant | -10/Materials Resources | -11 -10 ----------- Run | Yrd Mat Matter Collected 311 | 217 94 Remotely . | . . Salvage Created 209 | 17 192 Parts 16 | 2 14 Haulers Intercepted . | . . Recyclers Shooed . | . . Parts Field Recycled . | . . Retrieved Matter . | . . Parts Self-Destructed . | . . Prevented . | . . Kills | -11 -10 ------- Run | Yrd Mat Combat Hostiles Destroyed 11 | . 11 Guns 2 | . 2 AOE 9 | . 9 Classes Destroyed 5 | 1 4 Worker 1 | . 1 Tunneler 1 | 1 . Operator 1 | . 1 Swarmer 3 | . 3 Grunt 8 | . 8 Best Kill Streak 6 | 1 6 Combat Bots Only 5 | . 5 Max Kills in Single Turn 2 | 1 2 Gunslinging . | . . Exploded 2 | . 2 Melee . | . . Uniques/NPCs Destroyed . | . . Combat | -11 -10 -------- Run | Yrd Mat Hostile Shots Fired 78 | . 78 Missed 24 | . 24 Damage Taken 803 | . 803 Core 258 | . 258 Absorbed by Shields . | . . Core Remaining (%) 100 | 100 . Volleys Fired 27 | 1 26 Largest 2 | 2 2 Hottest 60 | 40 60 Shots Fired 43 | 2 41 Gun 28 | 2 26 Cannon . | . . Launcher 15 | . 15 Special . | . . Kinetic 28 | 2 26 Thermal . | . . Explosive 15 | . 15 Electromagnetic . | . . Robot Hit Streak 6 | 1 6 Robot Miss Streak 2 | . 2 Penetration Max . | . . Secondary Targets . | . . Shots Hit Robots 22 | 1 21 Core Hits 24 | 1 23 Critical Kills . | . . Critical Parts Destroyed . | . . Critical Strikes . | . . Melee Attacks . | . . Impact . | . . Slashing . | . . Piercing . | . . Sneak Attacks . | . . Combat Hostiles . | . . Follow-up Attacks . | . . Damage Inflicted 1359 | 14 1345 Guns 168 | 14 154 Cannons . | . . Explosions 1191 | . 1191 Melee . | . . Ramming . | . . Kinetic 168 | 14 154 Thermal 201 | . 201 Explosive 990 | . 990 Electromagnetic . | . . Impact . | . . Slashing . | . . Piercing . | . . Highest Corruption . | . . Average Corruption . | . . Corruption Purged . | . . Corruption Blocked . | . . Overload Shots . | . . Overflow Damage 178 | . 178 Projectiles . | . . Explosions 178 | . 178 Melee . | . . Knockbacks . | . . Impact . | . . Kinetic . | . . Secondary . | . . Self-Inflicted Damage 206 | . 206 Shots 6 | . 6 Rammed . | . . Targets Rammed . | . . Kicked . | . . Crushed . | . . Highest Temperature 24 | . 24 Average Temperature 9 | . 9 Received Heat Transfer 291 | . 291 Siege Activations . | . . Robots Corrupted . | . . Combat Hostiles . | . . Parts Fried . | . . Impact Corruptions . | . . Robots Melted . | . . Combat Hostiles . | . . Parts Melted . | . . Heat Transferred 100 | . 100 Parts Sabotaged . | . . Parts Stolen . | . . Parts Stripped . | . . Power Chain Reactions . | . . Alert | -11 -10 ------- Run | Yrd Mat Peak Influence 455 | 5 455 Initial 3 | . 3 Average 203 | 2 229 Maximum Alert Level 2 | . 2 Low Security (%) 52 | 100 46 Level 1 43 | . 49 Level 2 4 | . 4 Level 3 . | . . Level 4 . | . . Level 5 . | . . High Security . | . . Max Security . | . . Squads Dispatched 8 | . 8 Investigation 6 | . 6 Extermination . | . . Reinforcement 2 | . 2 Assault . | . . Garrison . | . . Intercept . | . . Searches Triggered . | . . Construction Impeded . | . . Haulers Reinforced . | . . Active Scanning Responses . | . . Cargo Convoy Interrupts . | . . Stealth | -11 -10 --------- Run | Yrd Mat Distress Signals 2 | . 2 Communications Jammed . | . . Distress Signals . | . . Times Spotted 25 | . 25 Peak Tracking Total 10 | . 10 Tactical Retreats 1 | . 1 Traps | -11 -10 ------- Run | Yrd Mat Traps Triggered 2 | . 2 Indirectly . | . . Trap Hack Attempts . | . . Triggered . | . . Disarmed . | . . Reprogrammed . | . . Reused . | . . Traps Extracted . | . . Installed . | . . Triggered . | . . Machines | -11 -10 ---------- Run | Yrd Mat Machines Disabled 6 | . 6 Max in Single Turn 2 | . 2 Machines Repaired . | . . Machines Dismantled . | . . Machines Sabotaged . | . . Overloaded Fab Kills . | . . Hacking | -11 -10 --------- Run | Yrd Mat Machines Accessed 7 | . 7 Terminals 5 | . 5 Fabricators . | . . Repair Stations . | . . Recycling Units 2 | . 2 Scanalyzers . | . . Garrison Access . | . . Total Hacks 22 | . 22 Successful 12 | . 12 Failed 10 | . 10 Catastrophic . | . . Database Lockouts . | . . Manual 17 | . 17 Terminals 20 | . 20 Fabricators . | . . Repair Stations . | . . Recycling Units 2 | . 2 Scanalyzers . | . . Garrison Access . | . . Terminal Hacks 6 | . 6 Robot Analysis 2 | . 2 Prototype ID Bank 1 | . 1 Alert Level 1 | . 1 Registered Components 1 | . 1 Zone Layout 1 | . 1 Fabricator Hacks . | . . Repair Station Hacks . | . . Recycling Unit Hacks 1 | . 1 Retrieve Matter 1 | . 1 Scanalyzer . | . . Garrison Access Hacks . | . . Unauthorized Hacks 5 | . 5 Terminals 4 | . 4 Botnet 4 | . 4 Fabricators . | . . Repair Stations . | . . Recycling Units 1 | . 1 Tunnel 1 | . 1 Scanalyzers . | . . Garrison Access . | . . Data Cores Recovered . | . . Used . | . . Hacking Detections 5 | . 5 Full Trace Events 5 | . 5 Feedback Events . | . . Feedback Blocked . | . . Robot Schematics Acquired . | . . Robots Built . | . . Authchips . | . . Time . | . . Total Robot Build Rating . | . . Part Schematics Acquired . | . . Parts Built . | . . Authchips . | . . Time . | . . Total Part Build Rating . | . . Parts Repaired . | . . Time . | . . Parts Recycled . | . . Recycled Matter . | . . Retrieved Matter 131 | . 131 Retrieved Components . | . . Parts Scanalyzed . | . . Part Schematics Acquired . | . . Parts Damaged . | . . Bothacking | -11 -10 ------------ Run | Yrd Mat Used RIF Installer . | . . Robots Hacked . | . . Non-combat . | . . Combat . | . . Robot Hacks Applied . | . . Relay Couplers Released . | . . Fabnet Peak Effective % . | . . Robots Rewired . | . . Allies Hacked . | . . Hacks Repelled . | . . Allies | -11 -10 -------- Run | Yrd Mat Total Allies . | . . Largest Group . | . . Highest-Rated Group . | . . Highest-Rated Ally . | . . Total Orders . | . . Ally Attacks . | . . Total Damage . | . . Kills . | . . Allies Corrupted . | . . Allies Melted . | . . Intel | -11 -10 ------- Run | Yrd Mat Robot Analysis Total 2 | . 2 Derelict Logs Recovered . | . . Drone Launches . | . . Drone Recoveries . | . . Exploration | -11 -10 ------------- Run | Yrd Mat Turns Passed 543 | 61 482 Spaces Moved 413 | 43 370 Core 37 | 6 31 Treads . | . . Legs . | . . Wheels 376 | 37 339 Hover . | . . Flight . | . . Fastest Speed 50 | 50 50 Average Speed 95 | 93 96 Slowest Speed 100 | 100 100 Overloaded Moves . | . . Propulsion Burnouts . | . . Robots Hopped . | . . Cave-ins Triggered . | . . Exploration Rate (%) 43 | 3 83 Regions Visited 1 Branch Regions . Pre-discovered Areas 1 | . 1 Known Exits Taken . | . . Unknown Exits Taken 1 | 1 . Scrap Searched . | . . Spaces Dug 26 | . 26 Terrain Destroyed 121 | . 121 Melee . | . . Projectile . | . . AOE 121 | . 121 Terrain Rammed . | . . Walls Destroyed . | . . Machines Disabled . | . . Actions | -11 -10 --------- Run | Yrd Mat Total 517 | 61 456 Wait 31 | 4 27 Move 412 | 42 370 Hop . | . . Pick Up 17 | 6 11 Fast Attach 9 | 3 6 Attach 5 | 4 1 Detach 1 | . 1 Swap 8 | . 8 Drop 7 | 1 6 Fire 27 | 1 26 Melee . | . . Ram . | . . Kick . | . . Crush . | . . Escape Stasis . | . . Rewire . | . . Trap . | . . Miscellaneous . | . . Route ------- -11/Scrapyard -10/Materials (discovered 2 exits: [*Mat x2]) History --------- Turn | Location | Event 18 | -11/Scrapyard | Discovered new exit (range 16) 62 | -11/Scrapyard | Entered Materials 302 | -10/Materials | Build established: Mutant 338 | -10/Materials | Discovered new exit (range 7) 528 | -10/Materials | Discovered new exit (range 9) 530 | -10/Materials | Released all parts (2) 531 | -10/Materials | Core integrity fell below 50% 536 | -10/Materials | Core integrity fell below 20% 544 | -10/Materials | Destroyed by G-34 Mercenary with Small Laser Last Messages --------------- 00522_ ALERT: Hostiles spotted, dispatching reinforcements to Terminal M005. 00523_ K-01 Serf collects debris. 00527_ Ion Engine destroyed. 00527_ K-01 Serf collects debris. 00527_ Grenade Launcher destroyed. 00527_ K-01 Serf collects debris. 00528_ Nuclear Reactor explodes. 00528_ Terminal disabled. 00528_ Destroyed Lgt. Ion Engine. 00528_ O-16 Technician destroyed. 00528_ Com. Wheel destroyed. 00528_ Destroyed Com. Wheel. 00528_ Com. Wheel destroyed. 00528_ Destroyed Com. Wheel. 00528_ EXIT=FOUND 00530_ Released Sml. Storage Unit. 00530_ Released Seismic Detector. 00530_ K-01 Serf collects debris. 00539_ The unstable cave ceiling collapses. Map ----- +----------------------------------------------------+ | ????????????# """######????????????????????????? | | ????????#####?* # # #####?######?????????????? | | ????????# ####+ #?""" #?????????????? | | ????????# %= < # """ #?????????????? | | ????????# # """ #?????????????? | | ????????# "" [] + #?????????????? | | ????????# Y" ]!] # [ [ #?????????????? | | ????????# "" ! # #?????????????? | | ??????### #?######?????????????? | | ????# " #?!!! /#??????###????? | | ??## # # !!! ####### !##???? | | ??# / % "" # # !!! # !#???? | | #??# # "" # + # !????? | | ####" # T" # # + ?????? | | ^ # "" # # [ # ??????? | | + "" # ######## ##???? | | # # #??????## ######???? | | ######## #???????# #????????? | | ######## #???????# #????????? | | #???????# #????????? | | #???????# #????????? | | """ """ """ """ """o #???????# ^#????????? | | """ """ """ """ """ ##?????## ##???????? | | """ """ """ """ """ ####### #???????? | | #???????? | | @ gg T #???????? | | w g #???????? | | ######+######+### ####### #???????? | | #??? ??? ?## ##?????#######???????? | | #?? " #??"" ??# #????????#"""#???????? | | #### #? "" #?""" ?# #???????##"T"###?????? | | ???# ## "" #?""" !?# #???????# #?????? | | ???# ## """ # ## #???????# #?????? | | #### ## "" # ## #???????# """ #?????? | | ! # ## "?" ######### #???????# """ #?????? | | =# ## ??? #???????# #???????# """ #?????? | | " # ## ????#??????## ##??????# ####### | | " # ## ???????????# ############+## # | | " + ## ????????????# # | | # ####??#??######?# # | | #### ####### ?? #?# # | | ????? ???# #?# ############ # | | ?????? ? #### ### ## ##??????## ## | | ???????""" ?# # # # #???????# #? | | ????????"" # ! #???##??# #? | | ????????"" """ #???# #?# #? | | ????????"" "Y # #????# # ## | | ????????????#" " """ ##+# ######???# # | | ????????????#""" #?? #???# | | ????????????# "" # #???## # | +----------------------------------------------------+ Best States ------------- Heat Dissipation 25 Energy Generation 10 Energy Capacity 250 Matter Stores 243 Matter Capacity 300 Sight Range 16 Terrain Scan Density 10 Evasion (%) 50 Item Schematics ----------------- None Robot Schematics ------------------ None Fabricated ------------ Nothing Alien Tech Used ----------------- None Achievements -------------- None Challenges ------------ None Game ------ Seed ActiveExpertMallet Manual? 0 Play Time 00:19:19 Cumulative 62.4 hours Start 2025.03.04 @ 12:15:20 End 2025.03.04 @ 12:26:13 Sessions 1 Manual Loads 0 Difficulty Rogue Special Mode None Game No. 102 Rogue 102 Adventurer 0 Explorer 0 Win Type - Total 0 Types 0/0/0/0/0/0/0/0/0 Lore% 19 Gallery% 39 Achievement% 33 Wizard Run 0 Options --------- Layout 0 ASCII 0 Keyboard 0 Movement Mouse Keybinds 0 Fullscreen 2 Font 18/SmallcapsGlow Map View 38x25 Zoom Use 98% Tactical HUD 1 Map Filters NONE Filters NONE Steam 1 RUN: 646be5a0-821c-446e-b622-9910551e6689